 Dungeon Crawl Stone Soup version 0.17-a0-1020-ge683cc4 (webtiles) character file.

29687 Chiseanne the Nimble (level 13, -5/92 HPs)
             Began as a High Elf Monk on May 16, 2015.
             Was an Initiate of Gozag.
             Slain by Rupert
             ... wielding a +2 executioner's axe of freezing
              (6 damage)
             ... on level 6 of the Lair of Beasts.
             The game lasted 00:49:33 (18913 turns).

Chiseanne the Nimble (High Elf Monk)               Turns: 18913, Time: 00:49:33

Health: -5/92      AC: 20    Str: 14    XL:     13   Next: 16%
Magic:  14/14      EV: 30    Int: 15    God:    Gozag
Gold:   2823       SH: 11    Dex: 29    Spells: 0 memorised, 12 levels left

rFire  . . .     SeeInvis +     a - +4 long sword (elec)
rCold  . . .     Clarity  .     c - +3 ring mail {MR+}
rNeg   . . .     SustAb   .     T - +0 shield
rPois  +         Gourm    .     p - +2 hat {SInv}
rElec  .         Spirit   .     o - +0 cloak
rCorr  .         Warding  .     j - +2 pair of gloves
rMut   .         Stasis   .     (no boots)
MR     ++...                    (no amulet)
Stlth  +++.......               E - +5 ring of dexterity
                                O - ring of poison resistance

@: agile, very resistant to hostile enchantments, fairly stealthy
A: iridescent scales 1
a: Potion Petition, Call Merchant, Bribe Branch, Renounce Religion


You were on level 6 of the Lair of Beasts.
You worshipped Gozag.
Gozag was noncommittal.
You were not hungry.

You visited 3 branches of the dungeon, and saw 16 of its levels.

You collected 3092 gold pieces.
You spent 269 gold pieces at shops.

Inventory:

Hand weapons
 a - a +4 long sword of electrocution (weapon)
 s - a +1 whip of flaming
Missiles
 d - 15 bolts of flame
 l - 24 sling bullets
 q - 5 javelins (quivered)
 v - 67 poisoned needles
 x - 47 bolts
 y - 10 silver bolts
 A - a tomahawk of dispersal
 H - 18 steel sling bullets
 U - 21 arrows
Armour
 c - a +3 ring mail of magic resistance (worn)
 j - a +2 pair of gloves (worn)
 o - a +0 cloak (worn)
 p - a +2 hat of see invisible (worn)
 T - a +0 shield (worn)
Rods
 n - a +2 rod of the swarm (11/11)
   (You found it on level 2 of the Lair of Beasts)
Jewellery
 z - an uncursed ring of positive energy
 E - a +5 ring of dexterity (right hand)
 O - a ring of poison resistance (left hand)
Magical devices
 g - a wand of disintegration (2)
 h - a wand of draining (0)
 u - a wand of confusion (17)
 D - a wand of fire (1)
 J - a wand of draining (9)
 L - a wand of disintegration (10)
 Q - a wand of disintegration (16)
Scrolls
 k - 2 scrolls of magic mapping
 m - 2 scrolls of amnesia
 F - 3 scrolls of teleportation
 N - 2 scrolls of remove curse
Potions
 f - a potion of resistance
 i - 4 potions of cancellation
 r - a potion of might
 t - 3 potions of lignification
 B - 4 potions of curing
 C - 2 potions of brilliance
 G - 5 potions of heal wounds
 I - a potion of invisibility {unknown}
 K - a potion of haste
 P - a potion of magic {unknown}
 R - a potion of flight {unknown}
 S - a potion of cure mutation
Miscellaneous
 w - a sack of spiders {used: 9}
Comestibles
 b - 9 bread rations
 e - 6 meat rations


   Skills:
 * Level 10.1 Fighting
 * Level 8.2 Long Blades
   Level 8.4 Crossbows
 - Level 8.5 Armour
 * Level 14.6 Dodging
 - Level 2.1 Stealth
 * Level 5.2 Shields
 - Level 3.2 Unarmed Combat


You had 12 spell levels left.
You didn't know any spells.

Dungeon Overview and Level Annotations

Branches:
Dungeon (9/15)             Temple (1/1) D:6            Lair (6/8) D:9
 Shoals (0/4) Lair:4       Spider (0/4) Lair:4
  Slime: Lair:6-8       Orc: D:9-12

Altars:
Ashenzari
Cheibriados
Dithmenos
Elyvilon
Fedhas
Gozag
Kikubaaqudgha
Nemelex Xobeh
Okawaru
Qazlal
Ru
Sif Muna
Trog
Vehumet
Xom
Yredelemnul
Zin
The Shining One

Shops:
D:9 (

Annotations:
D:2 Sigmund
D:3 Torax's ghost, average DrFE
Lair:6 Rupert


Innate Abilities, Weirdness & Mutations

You are partially covered in iridescent scales (AC +4).


Message History

Rupert is almost dead.
Rupert misses you.
You hit Rupert.
Rupert is almost dead.
You hit Rupert.
Rupert is almost dead.
Rupert looks more energetic.
Rupert says, "My Mum always said: 'Kill them all.'" Rupert roars madly and goes into a rage!
Rupert goes berserk!
You hit Rupert.
There is a sudden explosion of sparks!
Rupert is almost dead.
Rupert closely misses you.
Drink which item? (? for menu, Esc to quit)
You feel agile all of a sudden.
Rupert hits you with an executioner's axe of freezing!!
* * * LOW HITPOINT WARNING * * *
Rupert freezes you.
You die...
Your body crumbles into a pile of gold.

.... ####...###.....# ... #
#.##P.......##....# #+..
.#####.#.............^P#
....##......##.............##
.....#..#....#..............#
...#.#.......+............###
.8...+...8......#.........#
...#.......(...@#.........#
.....#.#.###....@s........##
....###.....##.#...........#
..### ##.#######.......#####
...####..## ####.####
....#.#...# ### .<.8..#..##
....#.#..# .8.##...P##
.##.......#


You could see Rupert (berserk) and a friendly scorpion.

Vanquished Creatures
  Gastronok (Lair:2)
  Josephine (Lair:4)
  A catoblepas (Lair:5)
  A hydra (Lair:3)
  3 death yaks (Lair:5)
  Pikel (D:6)
  A griffon (Lair:3)
  2 black mambas
  A siren (Lair:4)
  17 elephants
  9 spiny frogs
  3 komodo dragons
  A fire drake (Lair:3)
  15 blink frogs
  A boulder beetle (Lair:5)
  3 wraiths (Lair:4)
  A human (D:7)
  6 yaks
  3 hippogriffs
  Edmund (D:6)
  9 water moccasins
  14 wolves
  7 porcupines
  2 black bears
  An orc warrior (D:6)
  2 ogres
  5 crocodiles
  3 ice beasts
  A wasp (D:7)
  2 centaurs
  3 phantoms
  10 giant frogs
  4 scorpions
  2 vampire bats (D:5)
  3 killer bees (D:7)
  3 wights (D:5)
  2 crimson imps
  2 centaur zombies
  4 hounds
  5 orc priests
  2 giant frog skeletons
  2 jellies
  Crazy Yiuf (D:4)
  10 iguanas
  A centaur skeleton (D:5)
  5 orc wizards
  3 worker ants
  20 sheep
  12 adders
  30 river rats
  A gnoll (D:4)
  3 oozes
  An adder skeleton (D:9)
  An adder zombie (D:7)
  3 worms
  A giant gecko (D:1)
  27 orcs
  4 ball pythons
  4 bat skeletons
  3 bat zombies
  7 giant cockroaches
  15 goblins
  7 hobgoblins
  17 kobolds
  A quokka (D:3)
  17 bats
  A giant gecko skeleton (D:5)
  4 giant newts
  3 jackals (D:1)
  A quokka skeleton (D:8)
  18 rats
  6 fungi
  4 plants
391 creatures vanquished.

Vanquished Creatures (collateral kills)
  2 elephants (Lair:5)
2 creatures vanquished.

Vanquished Creatures (others)
  17 spiders
  A centaur zombie (D:7)
  A giant frog skeleton (D:6)
  2 worker ants (D:6)
  A worm (D:2)
  An orc (D:9)
  A giant cockroach (D:2)
  2 goblins (D:6)
  2 giant newts
  A rat (D:2)
  3 fungi (Lair:5)
  3 plants (Lair:5)
35 creatures vanquished.

Grand Total: 428 creatures vanquished

Notes
Turn   | Place    | Note
--------------------------------------------------------------
     0 | D:1      | Chiseanne the High Elf Monk began the quest for the Orb.
     0 | D:1      | Reached XP level 1. HP: 16/16 MP: 2/2
   331 | D:1      | Reached XP level 2. HP: 15/21 MP: 3/3
  1215 | D:1      | Reached XP level 3. HP: 26/26 MP: 4/4
  1338 | D:2      | Reached skill level 4 in Dodging
  1510 | D:2      | Noticed Sigmund
  2031 | D:2      | Reached skill level 1 in Armour
  2264 | D:2      | Found a radiant altar of Vehumet.
  2299 | D:2      | Reached XP level 4. HP: 26/33 MP: 5/5
  3443 | D:3      | Noticed Torax's ghost (average DrFE)
  3859 | D:4      | Reached XP level 5. HP: 21/37 MP: 6/6
  4557 | D:3      | Found a bloodstained altar of Trog.
  4868 | D:3      | Gained mutation: You are partially covered in iridescent scales (AC +4). [potion of beneficial mutation]
  5291 | D:4      | Reached skill level 5 in Dodging
  5587 | D:4      | Reached XP level 6. HP: 38/44 MP: 7/7
  5859 | D:4      | Noticed Crazy Yiuf
  5876 | D:4      | Killed Crazy Yiuf
  6055 | D:5      | Entered Level 5 of the Dungeon
  6499 | D:5      | Reached skill level 5 in Fighting
  6636 | D:5      | Found an ancient bone altar of Kikubaaqudgha.
  6667 | D:5      | Reached XP level 7. HP: 46/50 MP: 8/8
  7038 | D:5      | Reached skill level 6 in Dodging
  7344 | D:5      | Found a shadowy altar of Dithmenos.
  8172 | D:6      | Reached skill level 5 in Armour
  8196 | D:6      | Reached XP level 8. HP: 55/57 MP: 9/9
  8219 | D:6      | Noticed Pikel
  8236 | D:6      | Killed Pikel
  8236 | D:6      | Reached skill level 7 in Dodging
  8383 | D:6      | Noticed Edmund
  8394 | D:6      | Reached skill level 8 in Dodging
  8403 | D:6      | Killed Edmund
  8452 | D:6      | Found a staircase to the Ecumenical Temple.
  8598 | Temple   | Entered the Ecumenical Temple
  8820 | Temple   | Became a worshipper of Gozag Ym Sagoz the Greedy
  9382 | D:7      | Reached XP level 9. HP: 63/63 MP: 10/10
  9533 | D:7      | Found a stormy altar of Qazlal.
  9709 | D:7      | Found a basalt altar of Yredelemnul.
 10161 | D:7      | Reached skill level 9 in Dodging
 11026 | D:8      | Reached skill level 10 in Dodging
 11491 | D:9      | Found a glowing golden altar of the Shining One.
 11564 | D:9      | Reached skill level 1 in Crossbows
 11606 | D:9      | Reached XP level 10. HP: 72/72 MP: 11/11
 11612 | D:9      | Found a staircase to the Lair.
 11647 | D:9      | Found Arietezi's Weapon Shoppe.
 11651 | D:9      | Bought a +2 long sword of electrocution for 269 gold pieces
 11682 | D:9      | Noticed an elephant
 11696 | D:9      | Killed an elephant
 11748 | Lair:1   | Entered Level 1 of the Lair of Beasts
 12027 | Lair:1   | Reached skill level 5 in Crossbows
 12322 | Lair:1   | You fall through a shaft!
 12414 | Lair:2   | Reached skill level 11 in Dodging
 12415 | Lair:2   | Identified a cursed +0 rod of the swarm (10/10) (You found it on level 2 of the Lair of Beasts)
 12554 | Lair:2   | Noticed Gastronok
 12581 | Lair:2   | Killed Gastronok
 12581 | Lair:2   | Reached XP level 11. HP: 69/77 MP: 12/12
 12778 | Lair:2   | Got a scorched ring mail
 12925 | Lair:2   | Identified the +0 ring mail of Nuetzu {*Corrode +Inv rElec rCorr} (You found it on level 2 of the Lair of Beasts)
 13340 | Lair:3   | Noticed a seven-headed hydra
 13345 | Lair:3   | Killed a seven-headed hydra
 13817 | Lair:3   | Reached skill level 1 in Long Blades
 14036 | Lair:3   | Reached skill level 12 in Dodging
 14036 | Lair:3   | Reached skill level 1 in Shields
 15009 | Lair:4   | Found a hole to the Spider Nest.
 15036 | Lair:4   | Noticed Josephine
 15053 | Lair:4   | Killed Josephine
 15191 | Lair:4   | Reached XP level 12. HP: 85/85 MP: 13/13
 15397 | Lair:4   | Found a staircase to the Shoals.
 15415 | Lair:4   | Reached skill level 13 in Dodging
 16380 | Lair:5   | Reached skill level 5 in Long Blades
 16780 | Lair:5   | Noticed a catoblepas
 16795 | Lair:5   | Killed a catoblepas
 17946 | Lair:5   | Reached skill level 14 in Dodging
 18232 | Lair:5   | Reached skill level 10 in Fighting
 18289 | Lair:5   | Reached XP level 13. HP: 78/92 MP: 14/14
 18478 | Lair:5   | Reached skill level 5 in Shields
 18872 | Lair:6   | Noticed Rupert
 18913 | Lair:6   | HP: 1/92 [Rupert/executioner's axe of freezing (30)]
 18913 | Lair:6   | Slain by Rupert

Vault maps used:
D:1:      minmay_arrival_stair_chambers
D:2:      fiery_altar_vehumet, first_bread, uniq_sigmund
D:3:      bloody_trog
D:4:      minmay_misc_feat_five, cheibrodos_gnoll_hut, uniq_crazy_yiuf_cottage
D:5:      kennysheep_vampire_church, basic_altar
D:6:      minmay_temple_entry_statues_pillars, uniq_pikel, uniq_edmund
D:7:      old_standard_altar, grunt_livestock, grunt_ministairs_7,
          grunt_decor_arrowhead, minivault_22, nicolae_qazlal_style_of_elements
D:9:      minmay_thick_lines, nicolae_overflow_hidden_temple,
          lemuel_crystal_altar, david_lair_generic, david_orc_4, serial_shops,
          nicolae_shop_waterfront, kennysheep_mini, nicolae_shop_stone,
          nicolae_shop_waterfront, nicolae_shop_crystal
Temple:   chambers_temple_14
Lair:2:   cheibrodos_lair_caveside_slide, uniq_gastronok
Lair:3:   infiniplex_staircase_pool
Lair:4:   minmay_shoals_entry_lonely_mermaid, dummy_spider_entry, minivault_11,
          uniq_josephine
Lair:5:   mu_elephants_graveyard
Lair:6:   grunt_megastairs_1, uniq_rupert, uniq_maud, uniq_nessos

Action                   |  1- 3 |  4- 6 |  7- 9 | 10-12 | 13-15 || total
-------------------------+-------+-------+-------+-------+-------++-------
Melee: Unarmed           |   162 |   405 |    92 |       |       ||   659
       Spear             |       |     4 |       |       |       ||     4
       Quarterstaff      |       |    14 |   316 |       |       ||   330
       Long sword        |       |       |       |   715 |    85 ||   800
 Fire: Arbalest          |       |       |    54 |    65 |       ||   119
Throw: Javelin           |       |       |     8 |    47 |    17 ||    72
       Tomahawk          |       |       |     2 |     3 |     1 ||     6
Evoke: Wand              |       |     4 |       |    12 |     5 ||    21
       Sack of spiders   |       |       |       |     2 |     9 ||    11
  Use: Scroll            |     2 |     6 |     9 |    13 |       ||    30
       Potion            |       |     3 |       |       |     1 ||     4
 Stab: Sleeping          |     1 |       |     2 |     5 |       ||     8
       Invisible         |       |     1 |       |       |       ||     1
       Confused          |       |       |     1 |       |       ||     1
       Distracted        |       |       |     1 |     9 |       ||    10
       Paralysed         |       |       |     1 |       |       ||     1
       Petrifying        |       |       |     1 |       |       ||     1
  Eat: Chunk             |     4 |    15 |     6 |       |       ||    25
       Beef jerky        |       |       |     3 |     1 |     1 ||     5
       Royal jelly       |       |       |     1 |       |       ||     1
       Fruit             |       |       |     4 |     4 |       ||     8
       Pizza             |       |       |     3 |     4 |     1 ||     8
       Bread ration      |       |       |       |     2 |       ||     2
